 Seeded DCSS version 0.28-a0-1613-gdaab1c2f9b (webtiles) character file.

Game seed: 16123438441269622974 (custom seed)

189942 flotson the Severer (level 17, -30/135 HPs)
             Began as a Demonspawn Gladiator on Jan 22, 2022.
             Was an Initiate of Gozag.
             Annihilated by a bunyip (45 damage)
             ... called by a spriggan druid
             ... on level 3 of the Swamp.
             The game lasted 01:32:13 (35862 turns).

flotson the Severer (Demonspawn Gladiator)         Turns: 35862, Time: 01:32:14

Health: -30/135    AC: 35    Str: 26    XL:     17   Next: 96%
Magic:  17/17      EV: 11    Int:  5    God:    Gozag
Gold:   1887       SH: 29    Dex: 18    Spells: 16/16 levels left

rFire   + . .      SeeInvis +   a - +9 broad axe (vorpal)
rCold   + . .      Faith    .   m - +10 tower shield of Ignorance {rN+ Int-4}
rNeg    + + .      Spirit   .   W - +9 crystal plate armour
rPois   +          Reflect  .   F - -2 hat of the Alchemist {rElec rPois rF+ rC+ rN+ Will+ rMut rCorr}
rElec   +          Harm     .   M - +2 cloak of the Thief {*Fog Slay-2 SInv Stlth+}
rCorr   +          Rampage  +   (gloves unavailable)
rMut    +                       o - +2 pair of boots of Downuosti {Rampage +Blink}
Will    ++...                   Q - amulet of the acrobat
Stlth   ..........              J - +6 ring of strength
HPRegen 0.32/turn               (no ring)
MPRegen 0.15/turn

@: studying Shields
A: claws 3, demonic guardian 3, ignite blood 2, sturdy frame 2
a: Renounce Religion, Evoke Blink, Potion Petition, Call Merchant, Bribe Branch


You were on level 3 of the Swamp.
You worshipped Gozag.
Gozag was most pleased with you.
You visited 5 branches of the dungeon, and saw 29 of its levels.
You also visited: Sewer, Gauntlet and Volcano.

You collected 14593 gold pieces.
You spent 7602 gold pieces at shops.
You paid 5104 gold pieces to Gozag.

Inventory:

Hand Weapons
 a - a +9 vorpal broad axe (weapon)
Missiles
 d - 7 throwing nets
 e - 6 datura-tipped darts
 j - 2 silver javelins
 k - 19 javelins
 B - 2 boomerangs of dispersal
 E - 10 curare-tipped darts (quivered)
 V - 8 atropa-tipped darts
Armour
 m - the +10 tower shield of Ignorance (worn) {rN+ Int-4}
   (You bought it in a shop on level 2 of the Orcish Mines)

   Int:       It affects your intelligence (-4).
   rN:        It protects you from negative energy.
 o - the +2 pair of boots of Downuosti (worn) {Rampage +Blink}
   (You found it in a Gauntlet)

   +Blink:    It lets you blink.
   Rampage:   It bestows one free step when moving towards enemies.
 F - the -2 hat of the Alchemist (worn) {rElec rPois rF+ rC+ rN+ Will+ rMut rCorr}
   (You bought it in a shop on level 15 of the Dungeon)

   rF:        It protects you from fire.
   rC:        It protects you from cold.
   rElec:     It insulates you from electricity.
   rPois:     It protects you from poison.
   rN:        It protects you from negative energy.
   rCorr:     It protects you from acid and corrosion.
   rMut:      It protects you from mutation.
   Will:      It increases your willpower.
 M - the +2 cloak of the Thief (worn) {*Fog Slay-2 SInv Stlth+}
   (You bought it in a shop on level 4 of the Dungeon)

   It may release a thick cloud of smoke when the wearer is hurt.
   Slay:      It affects your accuracy & damage with ranged weapons and melee
   (-2).
   SInv:      It lets you see invisible.
   Stlth:     It makes you more stealthy.
 W - a +9 crystal plate armour (worn)
Jewellery
 z - the amulet of Zifosore {Regen+ Str+2}
   (You took it off a deep elf elementalist on level 3 of the Elven Halls)

   [amulet of regeneration]

   Str:       It affects your strength (+2).
   Regen:     It increases your rate of health regeneration.
 J - a +6 ring of strength (left claw)
 O - a ring of flight
 Q - an amulet of the acrobat (around neck)
Wands
 G - a wand of mindburst (15)
 K - a wand of iceblast (25)
 X - a wand of paralysis (18)
 Y - a wand of digging (16)
Scrolls
 b - 2 scrolls of holy word
 i - 4 scrolls of magic mapping
 l - 7 scrolls of fog
 u - 8 scrolls of fear
 w - 18 scrolls of teleportation
 y - 7 scrolls of torment
 C - 7 scrolls of immolation
 L - 5 scrolls of blinking
 N - a scroll of silence
 R - 2 scrolls of vulnerability
Potions
 c - 4 potions of cancellation
 h - 3 potions of resistance
 n - 3 potions of berserk rage
 p - a potion of brilliance
 r - 5 potions of might
 t - 4 potions of heal wounds
 v - 3 potions of invisibility
 x - 6 potions of haste
 A - 4 potions of attraction
 D - 3 potions of lignification
 H - 9 potions of curing
 T - 2 potions of ambrosia
Miscellaneous
 f - a lightning rod (4/4)
 g - a box of beasts
 s - a tin of tremorstones (2/2)
 I - a phial of floods
 P - a piece from Xom's chessboard (15/15)
 S - a condenser vane
 Z - a phantom mirror


   Skills:
 + Level 12.9 Fighting
 * Level 15.0 Axes
 + Level 11.8 Throwing
 + Level 11.6 Armour
 + Level 12.0 Dodging
 + Level 13.5 Shields
 - Level 12.0 Evocations


You had 16 spell levels left.
You didn't know any spells.
Your spell library contained the following spells:

 Spells                   Type           Power      Damage    Failure   Level
 Animate Skeleton         Necr           0%         N/A       100%        1
 Apportation              Tloc           0%         N/A       100%        1
 Beastly Appendage        Tmut           0%         N/A       100%        1
 Foxfire                  Conj/Fire      0%         2x1d4     100%        1
 Magic Dart               Conj           0%         1d3       100%        1
 Pain                     Necr           0%         1d4       100%        1
 Sting                    Tmut/Pois      0%         1d3       100%        1
 Summon Small Mammal      Summ           0%         N/A       100%        1
 Blink                    Tloc           0%         N/A       100%        2
 Call Imp                 Summ           0%         N/A       100%        2
 Corpse Rot               Necr/Air       0%         N/A       100%        2
 Poisonous Vapours        Pois/Air       0%         N/A       100%        2
 Scorch                   Fire           0%         2d5       100%        2
 Sublimation of Blood     Necr           0%         N/A       100%        2
 Wereblood                Tmut           0%         N/A       100%        2
 Confusing Touch          Hex            0%         N/A       100%        3
 Conjure Flame            Conj/Fire      0%         6-21      100%        3
 Dazzling Flash           Conj/Hex       0%         N/A       100%        3
 Frozen Ramparts          Ice            0%         1d2       100%        3
 Ignite Poison            Fire/Tmut/Pois 0%         N/A       100%        3
 Inner Flame              Hex/Fire       0%         N/A       100%        3
 Mephitic Cloud           Conj/Pois/Air  0%         N/A       100%        3
 Portal Projectile        Hex/Tloc       0%         N/A       100%        3
 Spider Form              Tmut/Pois      0%         N/A       100%        3
 Stone Arrow              Conj/Erth      0%         3d7       100%        3
 Summon Guardian Golem    Hex/Summ       0%         N/A       100%        3
 Tukima's Dance           Hex            0%         N/A       100%        3
 Anguish                  Hex/Necr       0%         N/A       100%        4
 Animate Armour           Summ/Erth      0%         N/A       100%        4
 Dispel Undead            Necr           0%         3d6       100%        4
 Flame Wave               Conj/Fire      0%         2d4       100%        4
 Ice Form                 Ice/Tmut       0%         N/A       100%        4
 Iskenderun's Mystic Bla  Conj/Tloc      0%         2d3       100%        4
 Olgreb's Toxic Radiance  Pois           0%         N/A       100%        4
 Passage of Golubria      Tloc           0%         N/A       100%        4
 Summon Ice Beast         Ice/Summ       0%         N/A       100%        4
 Agony                    Necr           0%         N/A       100%        5
 Blade Hands              Tmut           0%         N/A       100%        5
 Excruciating Wounds      Necr           0%         N/A       100%        5
 Freezing Cloud           Conj/Ice/Air   0%         6-21      100%        5
 Silence                  Hex/Air        0%         N/A       100%        5
 Summon Forest            Summ/Tloc      0%         N/A       100%        5
 Summon Mana Viper        Hex/Summ       0%         N/A       100%        5
 Yara's Violent Unravell  Hex/Tmut       0%         3d3       100%        5
 Death Channel            Necr           0%         N/A       100%        6
 Iron Shot                Conj/Erth      0%         9d1       100%        6
 Starburst                Conj/Fire      0%         6d3       100%        6
 Summon Cactus Giant      Summ           0%         N/A       100%        6
 Enfeeble                 Hex            0%         N/A       100%        7
 Disjunction              Tloc           0%         N/A       100%        8
 Lehudib's Crystal Spear  Conj/Erth      0%         10d2      100%        8


Dungeon Overview and Level Annotations

Branches:
Dungeon (15/15)            Temple (0/1) D:7            Lair (6/6) D:10
  Swamp (3/4) Lair:2       Spider (0/4) Lair:3        Slime (0/5) Lair:5
    Orc (2/2) D:9             Elf (3/3) Orc:2        Vaults (0/5) D:13
 Depths (0/4) D:15          Sewer (visited)         Volcano (visited)
Gauntlet (visited)

Altars:
Elyvilon
Gozag
Hepliaklqana
Trog
Xom
Zin
Jiyva

Shops:
D:4 *([!(   D:14 *!   D:15 *[(   Orc:2 [[[[!   Swamp:1 [

Annotations:
Lair:2 2 transporters, atabob's ghost, journeyman DsGl
Lair:5 1 runed translucent door


Innate Abilities, Weirdness & Mutations

You have claws for hands.
A powerful demonic guardian rushes to your aid.
Your demonic aura often causes spilled blood to erupt in flames.
Your movements are less encumbered by armour. (ER -4)


Message History

Tree limbs sway around you. A root smacks you from below!
The spriggan druid calls out to the beasts of the wild!
A bunyip comes into view.
You are hit by a branch.
The spriggan druid casts a spell.
The spriggan druid is healed somewhat.
You are waved at by a branch.
A bunyip comes into view.
You slice the spriggan druid!!
With its final breath, the spriggan druid offers up its power to the beasts of the wild!
The bunyip seems to grow more fierce. x2
You kill the spriggan druid!
You hear a splash. x2
The forest abruptly stops moving.
You hit the goliath frog but do no damage.
The goliath frog closely misses you.
You slice the goliath frog!!
The goliath frog is heavily wounded.
The goliath frog is engulfed in blazing flames.
The goliath frog hits you but does no damage.
You block the bunyip's attack. The bunyip barely misses you.
You block the bunyip's attack.
The goliath frog is engulfed in blazing flames.
You kill the goliath frog!
Your Dodging skill increases to level 12!
You slash the bunyip!
The bunyip is lightly wounded.
You slice the bunyip!!
The bunyip is heavily wounded.
You slash the bunyip!
The bunyip is severely wounded.
The bunyip is engulfed in blazing flames. x2
The bunyip claws you!!
* * * LOW HITPOINT WARNING * * *
A demonic guardian appears!
With a swish of your cloak, you release a cloud of fog.
You block the bunyip's attack. The bunyip claws you!!!
You die...
Your body crumbles into a pile of gold.

.♣..♣♣ ./ ≈≈.≈.♣♣♣♣ ≈.
≈..≈≈...♣♣♣ .♣♣♣
≈........≈♣♣ ♣♣♣♣♣..≈♣♣
..........≈♣♣♣........♣
≈♣..≈...≈≈..).≈≈≈≈≈≈.♣♣
..♣≈..≈.≈≈≈.≈≈§§§≈≈≈≈≈♣
≈♣≈.≈≈≈§.≈...≈§§§○≈≈≈.♣
≈♣.≈≈§≈≈§...≈§§§@♣≈≈≈..
♣♣.≈≈≈≈§§.♣♣♣♣§2xx°...≈.
♣<≈≈≈≈≈.♣♣♣ ♣§§§☼♣♣♣≈≈.
♣♣≈≈≈≈≈§...♣.≈.§≈.(≈
≈♣♣≈≈≈≈≈≈..≈.≈§.....
≈≈♣≈..≈≈≈........≈.≈≈
≈≈≈≈≈≈.≈≈≈.≈§...≈≈≈≈§≈
♣≈♣.≈≈≈≈≈.≈....≈≈≈≈≈...
♣♣♣ ≈≈≈§≈≈≈..


You could see 2 bunyips and a friendly reaper (summoned).

Vanquished Creatures
  Jorgrun (D:13)
  A tentacled monstrosity (Swamp:3)
  Rupert (D:13)
  2 deep elf blademasters (Elf:3)
  A deep elf master archer (Elf:3)
  Gastronok (D:10)
  A fenstrider witch (Swamp:2)
  A deep elf sorcerer (Elf:3)
  A stone giant (D:15)
  An ironbound preserver (D:12)
  Nessos (Lair:4)
  3 eleionomae
  2 deep elf demonologists (Elf:3)
  A deep elf annihilator (Elf:3)
  Azrael (Orc:2)
  A minotaur (Gauntlet)
  A deep elf death mage (Elf:2)
  A red draconian (Volcano)
  17 hydras
  A rakshasa (D:15)
  Harold (D:11)
  A catoblepas (Lair:6)
  5 boulder beetles
  17 two-headed ogres
  3 ogre magi
  4 centaur warriors
  4 alligators
  2 death knights (D:12)
  3 tengu warriors
  3 death yaks (Lair:6)
  6 deep elf knights
  Urug (Lair:4)
  A fire crab (Gauntlet)
  A sixfirhy (D:8)
  5 goliath frogs
  7 spriggan druids
  7 deep elf archers
  A swamp dragon (Lair:6)
  3 bog bodies (Swamp:2)
  4 necromancers
  12 deep elf pyromancers
  2 lindwurms (Lair:6)
  14 ugly things
  12 deep elf zephyrmancers
  6 cyclopes
  5 orc knights
  A manticore (Lair:6)
  6 black mambas
  26 elephants
  A torpor snail (Lair:6)
  2 gargoyles
  Maggie (D:9)
  Joseph (D:10)
  14 cane toads
  3 rime drakes (Lair:6)
  8 kobold demonologists
  2 unseen horrors (D:13)
  Psyche (D:8)
  2 freezing wraiths
  10 komodo dragons
  7 trolls
  3 polar bears
  A meliai (shapeshifter) (D:13)
  A blink frog (shapeshifter) (D:14)
  7 tyrant leeches
  9 hornets
  6 slime creatures (D:12)
  18 dream sheep (Lair:6)
  12 blink frogs
  2 air elementals (Elf:2)
  10 spriggans
  A vampire (D:12)
  7 wraiths
  5 large abominations (Elf:1)
  4 basilisks
  5 water elementals
  6 fire bats (Gauntlet)
  6 wyverns
  6 fire elementals
  68 yaks
  2 steam dragons
  13 vampire mosquitoes
  4 wargs
  11 swamp worms
  An acid dragon (Lair:6)
  13 water moccasins
  2 hell hounds (Orc:2)
  2 swamp drakes
  40 orc warriors
  An ice beast (D:8)
  2 sky beasts (D:6)
  A necrophage (D:7)
  24 wolves
  26 centaurs
  10 ogres
  2 phantoms
  9 kobold brigands
  7 bullfrogs
  Blork the orc (Orc:2)
  3 gnoll sergeants
  4 scorpions
  2 earth elementals (Elf:2)
  A water moccasin skeleton (D:5)
  5 killer bees (D:9)
  8 wights (D:7)
  5 howler monkeys
  3 electric eels
  3 centaur zombies
  2 bullfrog zombies
  16 orc priests
  4 hounds
  3 jellies
  2 centaur skeletons (D:5)
  9 iguanas
  21 orc wizards
  A hound skeleton (D:5)
  7 gnolls
  13 adders
  6 river rats
  A shadow imp (D:7)
  2 white imps
  4 worms
  2 dart slugs
  92 orcs
  10 endoplasms
  5 giant cockroaches
  8 hobgoblins
  4 jackals (D:2)
  4 quokkas
  13 ball pythons
  4 bats
  8 frilled lizards
  19 goblins
  25 kobolds
  19 rats
  A spectral goblin (D:3)
942 creatures vanquished.

Vanquished Creatures (collateral kills)
  A deep elf blademaster (Elf:3)
  A deep elf sorcerer (Elf:3)
  2 deep elf elementalists (Elf:3)
  A bunyip (Swamp:1)
  A fire dragon (Lair:6)
  A deep elf high priest (Elf:3)
  A hydra (Lair:3)
  A centaur warrior (Volcano)
  2 two-headed ogres (D:15)
  An alligator (Swamp:2)
  A death knight (D:11)
  6 dancing weapons
  2 deep elf knights (Elf:2)
  A spriggan (Swamp:1)
  A fire crab (Gauntlet)
  A spriggan druid (Swamp:3)
  An orc knight (Orc:2)
  4 deep elf pyromancers
  3 deep elf zephyrmancers (Elf:2)
  3 will-o-the-wisps
  A manticore (Lair:6)
  A cane toad (Lair:4)
  2 yaktaurs (Volcano)
  A tyrant leech (Swamp:2)
  A hornet (Swamp:1)
  2 blink frogs (Lair:4)
  A dream sheep (Lair:6)
  A fire elemental (Orc:2)
  5 yaks
  2 fire bats (Gauntlet)
  3 vampire mosquitoes
  A swamp worm (Swamp:1)
  A water moccasin (Lair:6)
  2 hell hounds
  2 orc warriors
  An ogre (D:15)
  A centaur (Volcano)
  A kobold brigand (Sewer)
  2 orc wizards (D:9)
  A gnoll (D:7)
  2 adders
  A white imp (D:3)
  A worm (D:3)
  5 orcs
  A goblin (D:3)
  2 hobgoblins
  5 kobolds (Sewer)
  A bat (D:1)
  A rat (D:3)
86 creatures vanquished.

Vanquished Creatures (others)
  A deep elf blademaster (Elf:2)
  A deep elf sorcerer (Elf:3)
  4 deep elf elementalists (Elf:3)
  A deep elf demonologist (Elf:3)
  A deep elf annihilator (Elf:3)
  A deep elf death mage (Elf:3)
  2 deep elf high priests (Elf:3)
  21 dancing weapons
  6 deep elf knights
  3 deep elf pyromancers
  6 deep elf zephyrmancers
  3 deep elf archers
  2 fire elementals
  An iguana (Lair:6)
  29 foxfires
  30 fungi
  70 plants
182 creatures vanquished.

Grand Total: 1210 creatures vanquished

Notes
Turn   | Place    | Note
-------+----------+-------------------------------------------
     0 | D:1      | flotson the Demonspawn Gladiator began the quest for the
                  | Orb.
     0 | D:1      | Reached XP level 1. HP: 16/16 MP: 1/1
    96 | D:1      | Gained mutation: A weak demonic guardian rushes to your
                  | aid. [demonic ancestry]
    96 | D:1      | Reached XP level 2. HP: 22/22 MP: 2/2
    97 | D:1      | Found a faded altar of an unknown god.
   351 | D:1      | Gained mutation: Your demonic aura sometimes causes spilled
                  | blood to erupt in flames. [demonic ancestry]
   351 | D:1      | Reached XP level 3. HP: 28/28 MP: 3/3
   380 | D:1      | Reached skill level 3 in Axes
   385 | D:1      | Reached skill level 1 in Armour
  1065 | D:2      | Reached XP level 4. HP: 13/34 MP: 4/4
  2205 | D:3      | You fall into a shaft and drop 2 floors!
  2205 | D:5      | Entered Level 5 of the Dungeon
  2213 | D:4      | Found Heugyqev's Distillery.
  2339 | D:3      | Reached XP level 5. HP: 15/40 MP: 5/5
  2497 | D:3      | Found a glowing drain.
  2502 | Sewer    | Entered a sewer
  3000 | Sewer    | Reached XP level 6. HP: 14/47 MP: 6/6
  3596 | Sewer    | Reached skill level 4 in Axes
  4317 | D:3      | Found a hazy altar of Hepliaklqana.
  4418 | D:3      | Identified the +12 falchion "Meip" {protect, rPois Str+4
                  | Dex-3}
  4531 | D:3      | Gained mutation: You have sharp fingernails. [demonic
                  | ancestry]
  4531 | D:3      | Reached XP level 7. HP: 53/53 MP: 7/7
  4753 | D:4      | Bought 2 potions of degeneration for 20 gold pieces
  4753 | D:4      | Bought a potion of heal wounds for 50 gold pieces
  4753 | D:4      | Bought a potion of lignification for 30 gold pieces
  4829 | D:4      | Found Hautako's Weapon Emporium.
  4884 | D:4      | Found an opulent altar of Gozag.
  4885 | D:4      | Found Aliatsaa's Armour Emporium.
  5057 | D:4      | Found Kotzaz's General Store.
  5118 | D:4      | Found Ycuuro's Weapon Shop.
  5616 | D:4      | Became a worshipper of Gozag Ym Sagoz the Greedy
  5925 | D:5      | Reached skill level 1 in Evocations
  6031 | D:5      | Reached XP level 8. HP: 55/61 MP: 8/8
  6722 | D:5      | Found a shimmering altar of Xom.
  6867 | D:6      | Reached skill level 5 in Fighting
  6867 | D:6      | Reached skill level 5 in Axes
  6883 | D:6      | Reached skill level 5 in Dodging
  7264 | D:6      | Gained mutation: Your movements are slightly less
                  | encumbered by armour. (ER -2) [demonic ancestry]
  7264 | D:6      | Reached XP level 9. HP: 68/68 MP: 9/9
  7845 | D:4      | Bought a +5 vorpal broad axe for 363 gold pieces
  7906 | D:7      | Reached skill level 5 in Throwing
  8147 | D:4      | Bought a scroll of enchant weapon for 90 gold pieces
  8393 | D:7      | Found a staircase to the Ecumenical Temple.
  8495 | D:7      | Reached skill level 6 in Axes
  8495 | D:7      | Reached skill level 5 in Armour
  9038 | D:4      | Bought the +2 cloak of the Thief {*Fog Slay-2 SInv Stlth+}
                  | for 221 gold pieces
  9038 | D:4      | Found the +2 cloak of the Thief {*Fog Slay-2 SInv Stlth+}
  9314 | D:8      | Found a runed translucent door.
  9341 | D:8      | Gained mutation: A demonic guardian rushes to your aid.
                  | [demonic ancestry]
  9341 | D:8      | Reached XP level 10. HP: 54/76 MP: 10/10
  9354 | D:8      | Reached skill level 1 in Shields
  9536 | D:8      | Noticed a sixfirhy
  9560 | D:8      | Noticed Psyche
  9563 | D:8      | Killed Psyche
  9564 | D:8      | Reached skill level 7 in Axes
  9996 | D:8      | Killed a sixfirhy
 10067 | D:9      | Reached skill level 5 in Evocations
 10295 | D:9      | Found a staircase to the Orcish Mines.
 10300 | D:9      | Noticed Maggie
 10312 | D:9      | Killed Maggie
 10444 | D:9      | Found the ring of the Mage {Wiz Archmagi}
 10665 | D:9      | Gained mutation: Your movements are less encumbered by
                  | armour. (ER -4) [demonic ancestry]
 10665 | D:9      | Reached XP level 11. HP: 73/84 MP: 11/11
 10793 | D:9      | Reached skill level 8 in Axes
 11284 | D:4      | Bought a potion of curing for 36 gold pieces
 11284 | D:4      | Bought a scroll of teleportation for 36 gold pieces
 11284 | D:4      | Bought a scroll of magic mapping for 42 gold pieces
 11284 | D:4      | Bought a scroll of teleportation for 36 gold pieces
 11284 | D:4      | Bought 3 datura-tipped darts for 14 gold pieces
 11415 | D:10     | Entered Level 10 of the Dungeon
 11474 | D:10     | Noticed a two-headed ogre
 11486 | D:10     | Killed a two-headed ogre
 11487 | D:10     | Noticed a two-headed ogre
 11495 | D:10     | Killed a two-headed ogre
 11742 | D:10     | Found a staircase to the Lair.
 11842 | D:10     | Noticed a two-headed ogre
 11860 | D:9      | Killed a two-headed ogre
 11963 | D:10     | Noticed Gastronok
 11985 | D:10     | Killed Gastronok
 12196 | D:10     | Noticed Joseph
 12201 | D:10     | Killed Joseph
 12337 | Lair:1   | Entered Level 1 of the Lair of Beasts
 12475 | Lair:1   | Reached skill level 9 in Axes
 12669 | Lair:1   | Gained mutation: You have very sharp fingernails. [demonic
                  | ancestry]
 12669 | Lair:1   | Reached XP level 12. HP: 83/92 MP: 12/12
 13256 | Lair:2   | Found a staircase to the Swamp.
 13256 | Lair:2   | You fall into a shaft and drop 2 floors!
 13530 | Lair:4   | Noticed Urug
 13537 | Lair:4   | Killed Urug
 13837 | Lair:2   | Identified a scroll of acquirement
 13838 | Lair:2   | Acquired a manual of Shields
 13971 | Lair:2   | Found a transporter.
 13980 | Lair:2   | Noticed atabob's ghost (journeyman DsGl)
 13984 | Lair:2   | Found a transporter.
 13997 | Lair:2   | Found a bloodstained altar of Trog.
 14012 | Lair:2   | Reached skill level 10 in Axes
 14013 | Lair:2   | Reached skill level 5 in Shields
 14015 | Lair:2   | Noticed a four-headed hydra
 14023 | Lair:2   | Killed a two-headed hydra
 14152 | Lair:2   | Identified the +9 mace of the Black Skies {drain, rN++
                  | Stlth+}
 14643 | Lair:3   | Found a hole to the Spider Nest.
 14729 | Lair:3   | Gained mutation: You have claws for hands. [demonic
                  | ancestry]
 14729 | Lair:3   | Reached XP level 13. HP: 100/100 MP: 13/13
 15436 | Lair:4   | Noticed Nessos
 15445 | Lair:4   | Killed Nessos
 16234 | Lair:4   | Reached skill level 11 in Axes
 16368 | Lair:5   | Found a gate leading to a gauntlet.
 16386 | Gauntlet | Entered a Gauntlet
 16386 | Gauntlet | Found a transporter.
 16386 | Gauntlet | Found a transporter.
 16386 | Gauntlet | Found a transporter.
 16399 | Gauntlet | Found a transporter.
 16399 | Gauntlet | Found a transporter.
 16408 | Gauntlet | Found a transporter.
 16410 | Gauntlet | Found a transporter.
 16418 | Gauntlet | Found a transporter.
 16433 | Gauntlet | Found a large runed translucent door.
 16434 | Gauntlet | Found a large runed translucent door.
 16435 | Gauntlet | Found a large runed translucent door.
 16435 | Gauntlet | Found a large runed translucent door.
 16436 | Gauntlet | Found a runed translucent gate.
 16437 | Gauntlet | Found a transporter.
 16437 | Gauntlet | Found a runed translucent gate.
 16438 | Gauntlet | Found a large runed translucent door.
 16438 | Gauntlet | Found a large runed translucent door.
 16438 | Gauntlet | Found a runed translucent door.
 16439 | Gauntlet | Found a large runed translucent door.
 16440 | Gauntlet | Found a large runed translucent door.
 16442 | Gauntlet | Found a transporter.
 16445 | Gauntlet | Found a transporter.
 16455 | Gauntlet | Found a transporter.
 16458 | Gauntlet | Found a runed translucent door.
 16462 | Gauntlet | Found a runed translucent gate.
 16473 | Gauntlet | Found a large runed translucent door.
 16473 | Gauntlet | Found a large runed translucent door.
 16474 | Gauntlet | Found a large runed translucent door.
 16475 | Gauntlet | Found a large runed translucent door.
 16484 | Gauntlet | Found a large runed translucent door.
 16484 | Gauntlet | Found a large runed translucent door.
 16485 | Gauntlet | Found a large runed translucent door.
 16486 | Gauntlet | Found a large runed translucent door.
 16658 | Gauntlet | Identified the +2 pair of boots of Downuosti {Rampage
                  | +Blink}
 16752 | Gauntlet | Identified the +0 scale mail of Gozag's Brutal Revenge
                  | {Will+ Stlth+}
 16784 | Gauntlet | Noticed a minotaur
 16801 | Gauntlet | Killed a minotaur
 17133 | Lair:5   | Found a runed translucent door.
 17134 | Lair:5   | Found a viscous altar of Jiyva.
 17134 | Lair:5   | Noticed an azure jelly
 17135 | Lair:5   | Noticed an azure jelly
 17136 | Lair:5   | Found a staircase to the Slime Pits.
 17179 | Lair:5   | Acquired 698 gold pieces
 17210 | Lair:5   | Acquired 1193 gold pieces
 17233 | Lair:5   | Found the +7 great mace "Firestarter" {inner flame, rF++}
 17417 | Lair:5   | Gained mutation: Your demonic aura often causes spilled
                  | blood to erupt in flames. [demonic ancestry]
 17417 | Lair:5   | Reached XP level 14. HP: 87/109 MP: 14/14
 17709 | Lair:6   | Entered Level 6 of the Lair of Beasts
 18328 | Lair:6   | Reached skill level 10 in Fighting
 18332 | Lair:6   | Reached skill level 12 in Axes
 18436 | Lair:6   | Found a shimmering altar of Xom.
 19476 | Orc:1    | Entered Level 1 of the Orcish Mines
 19703 | Orc:2    | Entered Level 2 of the Orcish Mines
 19718 | Orc:2    | Found Qabeuth Jicw's Distillery.
 19734 | Orc:2    | Found a staircase to the Elven Halls.
 19759 | Orc:2    | Found a dark tunnel.
 19772 | Volcano  | Entered a volcano
 20073 | Orc:2    | Noticed Blork the orc
 20078 | Orc:2    | Killed Blork the orc
 20354 | Orc:2    | Reached XP level 15. HP: 58/117 MP: 15/15
 20525 | Orc:2    | Found Jaokan's Antique Armour Shoppe.
 20525 | Orc:2    | Found Roupuj's Armour Shop.
 20527 | Orc:2    | Found Ihidil's Antique Armour Boutique.
 20529 | Orc:2    | Found Rioset's Armour Emporium.
 20534 | Orc:2    | Bought the +10 tower shield of Ignorance {rN+ Int-4} for
                  | 744 gold pieces
 20534 | Orc:2    | Found the +10 tower shield of Ignorance {rN+ Int-4}
 20547 | Orc:2    | Bought a fading chain mail for 304 gold pieces
 20547 | Orc:2    | Identified the +6 chain mail of Oduwonau {rN+ MP+9 Int+4
                  | Dex+4} (You bought it in a shop on level 2 of the Orcish
                  | Mines)
 20547 | Orc:2    | Bought a glowing helmet for 240 gold pieces
 20628 | Orc:2    | Noticed Azrael
 20641 | Orc:2    | Killed Azrael
 20912 | Orc:2    | Bought a potion of invisibility for 88 gold pieces
 20912 | Orc:2    | Bought a potion of curing for 33 gold pieces
 20912 | Orc:2    | Bought a potion of heal wounds for 55 gold pieces
 20912 | Orc:2    | Bought a potion of cancellation for 88 gold pieces
 20912 | Orc:2    | Bought a potion of cancellation for 88 gold pieces
 20912 | Orc:2    | Bought a potion of curing for 33 gold pieces
 20912 | Orc:2    | Bought a potion of might for 44 gold pieces
 22160 | D:11     | Reached skill level 10 in Dodging
 22559 | D:11     | Noticed Harold
 22569 | D:11     | Killed Harold
 22834 | D:12     | Reached skill level 10 in Shields
 22844 | D:12     | Reached skill level 10 in Throwing
 22973 | D:12     | Reached skill level 13 in Axes
 23069 | D:12     | Reached skill level 10 in Evocations
 23857 | D:13     | Noticed Rupert
 23857 | D:13     | Paralysed by Rupert for 7 turns
 23998 | D:13     | Reached skill level 10 in Armour
 24111 | D:13     | Killed Rupert
 24112 | D:13     | Noticed Jorgrun
 24191 | D:13     | Killed Jorgrun
 24588 | D:13     | Found a gate to the Vaults.
 24737 | D:14     | Found Agonycri's General Store.
 24749 | D:14     | Bought a scroll of enchant weapon for 127 gold pieces
 24756 | D:14     | Found Dyqaemp's Distillery.
 24789 | D:14     | Reached XP level 16. HP: 96/126 MP: 16/16
 25089 | D:14     | Bought a potion of heal wounds for 60 gold pieces
 25089 | D:14     | Bought a potion of curing for 36 gold pieces
 25089 | D:14     | Bought a potion of cancellation for 96 gold pieces
 25089 | D:14     | Bought a potion of attraction for 36 gold pieces
 25249 | D:15     | Entered Level 15 of the Dungeon
 25675 | D:15     | Found Osirrar's Antique Weapon Shoppe.
 25881 | D:15     | Found a staircase to the Depths.
 26222 | D:15     | Bought the -2 hat of the Alchemist {rElec rPois rF+ rC+ rN+
                  | Will+ rMut rCorr} for 1463 gold pieces
 26222 | D:15     | Found the -2 hat of the Alchemist {rElec rPois rF+ rC+ rN+
                  | Will+ rMut rCorr}
 26233 | D:15     | Bought a bloodstained chain mail for 294 gold pieces
 26233 | D:15     | Identified the +1 chain mail of Ohasenki {Drain rPois
                  | Int+2} (You bought it in a shop on level 15 of the Dungeon)
 26233 | D:15     | Bought a bloodstained plate armour for 868 gold pieces
 26233 | D:15     | Identified the +6 plate armour of the Loofah {*Slow rC-
                  | Will++ Str+8} (You bought it in a shop on level 15 of the
                  | Dungeon)
 26450 | Elf:1    | Entered Level 1 of the Elven Halls
 26915 | Elf:1    | Got Cixinax's Papyrus of Necromancy
 27956 | Elf:2    | Paralysed by an air elemental for 1 turns
 27958 | Elf:2    | Paralysed by an air elemental for 1 turns
 28227 | Elf:2    | Identified the +10 flail of the Shining Light {venom,
                  | Str+2}
 28330 | Elf:2    | Found a runed translucent gate.
 28332 | Elf:2    | Found a runed translucent gate.
 28333 | Elf:2    | Found a runed translucent gate.
 28336 | Elf:2    | Noticed a deep elf blademaster
 28859 | Elf:2    | Killed a deep elf blademaster
 29109 | Elf:3    | Entered Level 3 of the Elven Halls
 29226 | Elf:3    | Noticed a deep elf blademaster
 29247 | Elf:3    | Killed a deep elf blademaster
 29452 | Elf:3    | Identified the +11 rapier of Jem Okar {holy, rN+ Int-3 SInv
                  | Stlth+}
 29588 | Elf:3    | Noticed a deep elf blademaster
 29682 | Elf:3    | Reached skill level 14 in Axes
 29690 | Elf:3    | Gained mutation: A powerful demonic guardian rushes to your
                  | aid. [demonic ancestry]
 29690 | Elf:3    | Reached XP level 17. HP: 125/133 MP: 17/17
 29756 | Elf:3    | Identified the +2 helmet "Bydd" {Int+2}
 29946 | Elf:3    | Noticed a deep elf blademaster
 29947 | Elf:3    | Killed a deep elf blademaster
 29954 | Elf:3    | Noticed a deep elf blademaster
 29957 | Elf:3    | Identified the amulet of Zifosore {Regen+ Str+2}
 29958 | Elf:3    | Killed a deep elf blademaster
 30128 | Elf:3    | Identified the +8 short sword of Jiajesso {protect, Fly
                  | rF+}
 30149 | Elf:3    | Identified the +4 ring mail of Integrity {Dex+4}
 30214 | Elf:3    | Noticed a deep elf master archer
 30230 | Elf:3    | Noticed a deep elf master archer
 30236 | Elf:3    | Killed a deep elf master archer
 30260 | Elf:3    | Identified the +7 scythe "Nuape" {vorpal, rC- Will+ Str+6}
 30265 | Elf:3    | Noticed a Hell Sentinel
 30286 | Elf:3    | Identified the +7 triple sword of Mowoghulo {elec, rPois
                  | Stlth+}
 30295 | Elf:3    | Got Kaunakk's Volume of Unstable Companions
 30778 | Swamp:1  | Entered Level 1 of the Swamp
 31072 | Swamp:1  | Identified the +4 ring mail of the Cartwright {rPois}
 32065 | Swamp:1  | Bought a +2 crystal plate armour for 1840 gold pieces
 32340 | D:14     | Bought a scroll of enchant armour for 127 gold pieces
 33610 | Swamp:2  | Identified the +8 scimitar "Qeuggigrua" {vorpal, rF++ Int-3
                  | Dex+2}
 35182 | Swamp:3  | Reached skill level 15 in Axes
 35475 | Swamp:3  | Noticed a tentacled monstrosity
 35496 | Swamp:3  | Killed a tentacled monstrosity
 35862 | Swamp:3  | Annihilated by a bunyip

Illustrated notes

Levels and vault maps discovered:
D:1:      dpeg_arrival_tiny_a, layout_rooms,
          hellmonk_ecumenical_altar_leap_of_faith, serial_bayou_ford_a,
          minmay_small_reverse_x
D:2:      layout_loops_corners
D:3:      corexii_shack_village, layout_loops_ring,
          nicolae_hepliaklqana_monster_ancestors, lightli_sewer_entry_pipes,
          minmay_fountain_box, supply_closet_lemuel
D:4:      layout_loops_corners, mainiacjoe_overflow_brackets, serial_shops,
          shop, shop, nicolae_shop_window_shopping, nicolae_stop_n_shop_2,
          nicolae_shop_bloodbath_and_beyond, minivault_14, kennysheep_potato
D:5:      layout_loops_ring, dk_xom_monty_hall
D:6:      layout_loops_ring
D:7:      layout_loops_ring, mainiacjoe_overflow_small_starburst,
          temple_statues, nrook_mini_vaults
D:8:      cheibrodos_shockbox, layout_gridville, blue_anna_alchemist,
          uniq_psyche
D:9:      layout_loops_ring, david_orc_1_choice, uniq_maggie
D:10:     layout_loops_ring, dpeg_oklobed_lair, hangedman_decor_push,
          amcnicky_mini_pool_medium, uniq_gastronok, uniq_joseph
D:11:     layout_basic, uniq_harold
D:12:     layout_irregular_city
D:13:     layout_rooms, skrybe_vaults_entry_preservation,
          nicolae_elyvilon_temple_path, uniq_rupert, uniq_jorgrun
D:14:     layout_cave_pools, serial_shops, shop, shop
D:15:     grunt_enter_depths_snipers, layout_irregular_city,
          chequers_serial_rivers_room_b, serial_shops, shop
Lair:1:   layout_loops_ring, grunt_megastairs_4
Lair:2:   layout_big_grid, swamp_mist, gammafunk_ghost_wrathful_warriors,
          st_stairs_13, worms_lemuel, lemuel_fruit_tree
Lair:3:   layout_cave_pods, spider_nest_entry_a
Lair:4:   layout_regular_city, uniq_nessos, uniq_urug
Lair:5:   layout_hall_layers, slime_altar_2, gauntlet_entry_generic,
          minmay_holes, nzn_sisyphean_effort, serial_bayou_shore_a
Lair:6:   hangedman_lair_in_review, layout_cave_pods, guppyfry_lair_end_dragon,
          basic_altar
Swamp:1:  layout_basic_swamp, evilmike_swamp_ruin_rubble_1
Swamp:2:  nicolae_swamp_standing_stones, layout_basic_swamp,
          evilmike_swamp_ruin_house_2, infiniplex_staircase_pool_2
Swamp:3:  layout_basic_swamp, hangedman_swamp_lotus, swamp_pool4
Orc:1:    layout_caves, rock_pile
Orc:2:    st_orc_rangers, layout_diamond_mine, serial_shops,
          nicolae_shop_advertising_works [nicolae_subvault_shop_adworks],
          enter_volcano_1, sword_in_stone, uniq_azrael
Elf:1:    minmay_elf_arrival_plus, layout_loops_ring, minmay_elf_necromancy,
          corexii_hall_statues_l
Elf:2:    nicolae_elf_blades_splatter_lattice [nicolae_blade_entry_antechamber],
          layout_loops_ring, roderic_roman_lattice, lemuel_elevator
Elf:3:    minmay_elf_hall_furrowed, layout_loops_cross

Skill      XL: |  1  2  3  4  5  6  7  8  9 10 11 12 13 14 15 16 17 |
---------------+----------------------------------------------------+-----
Throwing       | 2 3 4 5 6 7 8 9 10 11 | 11.8
Dodging        | 3 4 5 6 7 8 9 10 11 12 | 12.0
Axes           | 3 4 5 6 7 9 10 11 12 13 14 15 | 15.0
Armour         | 1 2 3 4 5 6 7 8 9 10 11 | 11.6
Fighting       | 3 4 5 6 7 8 9 10 11 12 | 12.9
Evocations     | 1 3 4 5 6 7 8 9 10 11 12 | 12.0
Shields        | 2 4 5 7 9 11 12 13 | 13.5

Action                   |  1- 3 |  4- 6 |  7- 9 | 10-12 | 13-15 | 16-18 || total
-------------------------+-------+-------+-------+-------+-------+-------++-------
Melee: War axe           |    83 |    33 |       |       |       |       ||   116
       Dagger            |       |   170 |       |       |       |       ||   170
       Punch             |       |     1 |     5 |       |       |       ||     6
       Falchion          |       |     4 |   183 |       |       |       ||   187
       Broad axe         |       |       |    94 |   401 |  1018 |   770 ||  2283
       Scimitar          |       |       |       |     3 |    26 |       ||    29
 Fire: Hunting sling     |       |   105 |       |       |       |       ||   105
Throw: Throwing net      |       |     1 |       |       |     1 |     5 ||     7
       Dart              |       |       |       |     2 |     8 |    11 ||    21
       Javelin           |       |       |       |       |    18 |    20 ||    38
Invok: Call Merchant     |       |       |       |       |       |     3 ||     3
       Bribe Branch      |       |       |       |       |       |     1 ||     1
 Abil: Evoke Blink       |       |       |       |       |     1 |     5 ||     6
Evoke: Wand              |       |       |       |     4 |     8 |    11 ||    23
  Use: Potion            |       |     2 |       |     1 |     3 |     8 ||    14
       Scroll            |       |       |     2 |    20 |    12 |    11 ||    45
 Stab: Sleeping          |     2 |       |     1 |     8 |     2 |       ||    13
       Held in net/web   |       |     1 |       |       |       |       ||     1
       Distracted        |       |       |     6 |     9 |    17 |     6 ||    38
       Invisible         |       |       |       |       |     2 |       ||     2
       Confused          |       |       |       |       |     1 |       ||     1
Armor: Leather armour    |    27 |       |       |       |   139 |       ||   166
       Ring mail         |    13 |    92 |   109 |    14 |       |       ||   228
       Steam dragon scal |       |       |       |   121 |    72 |       ||   193
       Scale mail        |       |       |       |       |     4 |       ||     4
       Fire dragon scale |       |       |       |       |    30 |       ||    30
       Chain mail        |       |       |       |       |   116 |    32 ||   148
       Plate armour      |       |       |       |       |       |    68 ||    68
       Crystal plate arm |       |       |       |       |       |   149 ||   149
Dodge: Dodged            |    66 |   139 |   180 |   226 |   445 |   199 ||  1255
Block: Tower shield      |       |       |    23 |   381 |  1255 |   992 ||  2651

Table legend: (Time is in decaauts)
 A = Elapsed time spent in this place.
 B = Non-inter-level travel time spent in this place.
 C = Inter-level travel time spent in this place.
 D = Time resting spent in this place.
 E = Time spent auto-exploring this place.
 F = Levels seen in this place.
 G = Mean time per level.
                   A        B        C        D        E       F      G
               +--------+--------+--------+--------+--------+-----+--------+
         Total |  36973 |  33474 |   3499 |    742 |  24352 |  32 | 1155.4 |
       Dungeon |  16998 |  14659 |   2339 |    123 |  10914 |  15 | 1133.2 |
          Lair |   7089 |   6618 |    471 |    107 |   4689 |   6 | 1181.5 |
         Swamp |   3801 |   3685 |    116 |      0 |   3068 |   3 | 1267.0 |
  Orcish Mines |   2054 |   1867 |    187 |     78 |   1115 |   2 | 1027.0 |
   Elven Halls |   4824 |   4440 |    384 |    368 |   2965 |   3 | 1608.0 |
         Sewer |   1448 |   1448 |      0 |      0 |   1191 |   1 | 1448.0 |
       Volcano |    251 |    251 |      0 |      0 |    173 |   1 |  251.0 |
      Gauntlet |    505 |    505 |      0 |     66 |    237 |   1 |  505.0 |
               +--------+--------+--------+--------+--------+-----+--------+

Top non-repeatable levels by time:
   Elf:2: 2047 daAuts
     D:9: 1646 daAuts
  Lair:6: 1634 daAuts
 Swamp:2: 1553 daAuts
   Elf:3: 1510 daAuts
  Lair:4: 1501 daAuts
     D:4: 1450 daAuts
   Sewer: 1448 daAuts
   Orc:2: 1446 daAuts
 Swamp:1: 1434 daAuts
     D:2: 1370 daAuts
    D:10: 1282 daAuts
    D:11: 1271 daAuts
   Elf:1: 1266 daAuts
     D:3: 1233 daAuts
